 Dungeon Crawl Stone Soup version 0.27-a0-379-g34d631faf5 (webtiles) character file.

Game seed: 5362231215373831719

258 CryoSword the Ruffian (level 5, 0/41 HPs)
             Began as a Demigod Transmuter on Feb 17, 2021.
             Slain by an orc priest
             ... wielding a +0 short sword
              (4 damage)
             ... on level 3 of the Dungeon.
             The game lasted 00:05:22 (3935 turns).

CryoSword the Ruffian (Demigod Transmuter)          Turns: 3935, Time: 00:05:23

Health: 0/41       AC:  2    Str: 15    XL:     5   Next: 62%
Magic:  7/10       EV: 16    Int: 15    God:
Gold:   142        SH:  0    Dex: 14    Spells: 4/7 levels left

rFire    . . .     SeeInvis .     - Unarmed
rCold    . . .     Faith    .   (no shield)
rNeg     . . .     Spirit   .   a - +0 robe
rPois    .         Reflect  .   (helmet currently unavailable)
rElec    .         Harm     .   (no cloak)
rCorr    .         Rampage  .   (no gloves)
Will     .....                  (boots currently unavailable)
Stlth    ++........             (no amulet)
HPRegen  0.13/turn              h - +4 ring of evasion
MPRegen  0.12/turn              (no ring)

@: appendages, wereblooded
A: horns 2, talons 2, high mp 1
a: End Transformation


You were on level 3 of the Dungeon.
You had grown temporary horns.
You had grown temporary talons.
You visited 1 branch of the dungeon, and saw 3 of its levels.

You collected 142 gold pieces.

Inventory:

Missiles
 d - 7 poisoned darts (quivered)
 f - 4 boomerangs
 k - 4 datura-tipped darts
Armour
 a - a +0 robe (worn)
 e - a +0 pair of boots of stealth (melded)
   (You found it on level 1 of the Dungeon)
 l - a +0 helmet (melded)
   (You found it on level 3 of the Dungeon)
Jewellery
 b - an amulet of the acrobat {unknown}
   (You found it on level 3 of the Dungeon)
 h - a +4 ring of evasion (left hand)
   (You found it on level 2 of the Dungeon)
 m - a ring of positive energy
   (You took it off a goblin on level 2 of the Dungeon)
Scrolls
 j - a scroll of identify {unknown}
 o - a scroll of teleportation {unknown}
Potions
 c - a potion of curing {unknown}
 g - a potion of flight {unknown}
 i - a potion of degeneration {unknown}
 n - a potion of mutation {unknown}


   Skills:
 + Level 2.2 Fighting
 - Level 1.7 Dodging
 * Level 2.0 Stealth
 * Level 4.2 Unarmed Combat
 - Level 1.7 Spellcasting
 * Level 3.5 Transmutations


You had 4 spell levels left.
You knew the following spells:

 Your Spells              Type           Power        Failure   Level
a - Beastly Appendage     Tmut           22%          5%          1
b - Wereblood             Tmut           11%          9%          2

Your spell library contained the following spells:

 Spells                   Type           Power        Failure   Level
 Spider Form              Tmut/Pois      3%           32%         3
 Ice Form                 Ice/Tmut       6%           73%         4
 Blade Hands              Tmut           5%           83%         5


Dungeon Overview and Level Annotations

Branches:
Dungeon (3/15)


Innate Abilities, Weirdness & Mutations

You have an increased reservoir of magic. (+10% MP)
You have a pair of horns on your head.
You have razor-sharp toenails.


Message History

Could not explore, unopened door.
You see here a helmet.
l - a helmet You start putting on your armour.
You continue putting on your helmet. x4
You finish putting on your +0 helmet.
You open the door.
Found a scroll labelled JOUPAT YTESYTS and a scroll labelled ZIZ XACVEOCOYB.
Found a glowing silver altar of Zin.
There is an open door here.
There is an open door here.
You see here a leather armour.
Items here: ))) [[ †.
You see here a +0 whip.
You see here a hand axe.
Key pressed, stopping explore.
A frilled lizard comes into view.
You grow a pair of large bovine horns.
Your feet morph into talons.
Your +0 helmet melds into your body.
Your +0 pair of boots of stealth melds into your body.
You feel less stealthy.
The helpless frilled lizard fails to defend itself.
You hit the frilled lizard.
You kill the frilled lizard!
No target in view!
No target in view!
Your transformation is almost over.
Your horns disappear.
Your talons disappear.
Your +0 helmet unmelds from your body.
Your +0 pair of boots of stealth unmelds from your body.
You feel stealthy.
You now have 142 gold pieces (gained 10).
Could not explore, unopened door.
Could not explore, unopened door.
Could not explore, unopened door.
You open the door.
Found 21 sling bullets.
A hound comes into view.
A hound is nearby!
You grow a pair of large bovine horns.
Your feet morph into talons.
Your +0 helmet melds into your body.
Your +0 pair of boots of stealth melds into your body.
You feel less stealthy.
You hit the hound. Your kick misses the hound. The hound closely misses you.
You hit the hound. You claw the hound. Your headbutt misses the hound.
The hound completely misses you. The hound bites you.
You barely miss the hound. Your kick misses the hound.
The hound closely misses you.
You hit the hound. You claw the hound.
You kill the hound!
Your Stealth skill increases to level 2!
No target in view!
No target in view!
Your transformation is almost over.
Things that are here:
21 sling bullets; a hound corpse Your horns disappear.
Your talons disappear.
Your +0 helmet unmelds from your body.
Your +0 pair of boots of stealth unmelds from your body.
You feel stealthy.
An orc comes into view. It is wielding a +0 short sword.
An orc is nearby!
An orc is nearby!
Throw: 12 darts (poison)
Aim: an orc, wielding a +0 short sword and wearing a +0 leather armour (wandering, hasn't noticed you, 59% to hit)
You throw a poisoned dart.
The poisoned dart closely misses the orc.
Throw: 11 darts (poison)
Aim: an orc, wielding a +0 short sword and wearing a +0 leather armour (59% to hit)
You throw a poisoned dart.
The poisoned dart closely misses the orc.
Throw: 10 darts (poison)
Aim: an orc, wielding a +0 short sword and wearing a +0 leather armour (59% to hit)
You throw a poisoned dart.
The poisoned dart completely misses the orc.
An orc wizard comes into view. It is wielding a +0 club.
Throw: 9 darts (poison)
Aim: an orc, wielding a +0 short sword and wearing a +0 leather armour (59% to hit)
You throw a poisoned dart. The poisoned dart hits the orc.
The orc is poisoned.
Throw: 8 darts (poison)
Aim: an orc, wielding a +0 short sword and wearing a +0 leather armour (poisoned, 59% to hit)
You throw a poisoned dart.
The poisoned dart closely misses the orc.
You grow a pair of large bovine horns.
Your feet morph into talons.
Your +0 helmet melds into your body.
Your +0 pair of boots of stealth melds into your body.
You feel less stealthy.
An orc priest comes into view. It is wielding a +0 short sword.
The orc wizard points at itself and mumbles some strange words.
The orc wizard flickers and vanishes!
Deactivating autopickup; reactivate with Ctrl-A.
You closely miss the orc.
The orc priest shouts!
You headbutt the orc.
You kill the orc!
Something tries to affect you, but you resist.
An orc wizard comes into view. It is wielding a +0 long sword.
An orc comes into view. It is wielding a +0 trident.
The orc shouts!
The orc wizard shouts!
Items here: )) [ †.
The orc wizard gestures at itself while chanting.
The orc wizard flickers and vanishes!
The orc priest looks braver for a moment.
Your transformation is almost over.
A puff of flame appears from out of thin air!
The puff of flame hits you!
Things that are here:
21 sling bullets; a hound corpse The orc priest begins to cast a cantrip, but forgets the words!
Your horns disappear.
Your talons disappear.
Your +0 helmet unmelds from your body.
Your +0 pair of boots of stealth unmelds from your body.
You feel stealthy.
You hear some strange, mumbled words.
A puff of flame appears from out of thin air!
The puff of flame misses you.
Your blood is infused with primal strength.
Something barely misses you.
You grow a pair of large bovine horns.
Your feet morph into talons.
Your +0 helmet melds into your body.
Your +0 pair of boots of stealth melds into your body.
You feel less stealthy.
You hear some strange, mumbled words.
Something tries to affect you, but you resist.
You hit something. The orc barely misses you.
The orc priest hits you with a +0 short sword!
Something hits you but does no damage.
You hit the orc priest.
You claw the orc priest, but do no damage.
You headbutt the orc priest.
You punch the orc priest, but do no damage.
The orc priest mumbles some strange prayers to Beogh against you.
You struggle to resist.
The orc closely misses you.
You hit the orc priest. You claw the orc priest. Something hits you.
The orc priest misses you.
The orc hits you from afar with a +0 trident.
* * * LOW HITPOINT WARNING * * *
You hit the orc priest but do no damage.
Something hits you.
* * * LOW HITPOINT WARNING * * *
The orc priest hits you with a +0 short sword.
* * * LOW HITPOINT WARNING * * *
The orc hits you from afar with a +0 trident.
* * * LOW HITPOINT WARNING * * *
You closely miss the orc priest. Your headbutt misses the orc priest.
Something hits you.
* * * LOW HITPOINT WARNING * * *
The orc priest hits you with a +0 short sword.
You die...

#.##............# ..
#.##†...........##### ..#####
#...............'.... ......#
#.##............##### ......#####
####............# # ..........#
##...##......# # ..........#
#...##......# #
..........#######{..#############
.....)..{....{oo@...# #>.....
(.(...#############.##### #......
.(....# ##########.?? ##.....
####### #......# ... #.....
##....###########.... ##...#
#.....# #..## #...# #.._..# #####
#...###.....# # #....####'### #


You could see an orc priest and an orc.

Vanquished Creatures
  A hound (D:3)
  Natasha (thrice) (D:2)
  An orc wizard (D:3)
  Robin (D:2)
  2 adders
  An ooze (D:2)
  3 worms (D:2)
  3 dart slugs (D:1)
  4 orcs (D:3)
  7 bats
  3 giant cockroaches
  11 goblins
  6 hobgoblins
  8 jackals
  7 kobolds
  A quokka (D:2)
  3 ball pythons
  3 frilled lizards
  7 rats
75 creatures vanquished.

Notes
Turn   | Place    | Note
-------+----------+-------------------------------------------
     0 | D:1      | CryoSword the Demigod Transmuter began the quest for the
                  | Orb.
     0 | D:1      | Reached XP level 1. HP: 15/15 MP: 5/5
    23 | D:1      | Reached skill level 1 in Fighting
   305 | D:1      | Reached skill level 3 in Unarmed Combat
   305 | D:1      | Reached XP level 2. HP: 12/23 MP: 5/7
   873 | D:1      | Learned a level 2 spell: Wereblood
  1087 | D:1      | Reached XP level 3. HP: 28/28 MP: 6/8
  1782 | D:2      | Noticed Robin
  1804 | D:2      | Killed Robin
  1809 | D:2      | Reached XP level 4. HP: 19/36 MP: 6/9
  2489 | D:2      | Noticed Natasha
  2505 | D:2      | Killed Natasha
  2506 | D:2      | Reached skill level 1 in Stealth
  2773 | D:2      | Noticed Natasha
  2790 | D:2      | Killed Natasha
  3236 | D:2      | Noticed Natasha
  3240 | D:2      | Killed Natasha
  3241 | D:2      | Reached XP level 5. HP: 41/41 MP: 8/10
  3365 | D:3      | Reached skill level 4 in Unarmed Combat
  3658 | D:3      | Found a glowing silver altar of Zin.
  3935 | D:3      | Slain by an orc priest

Illustrated notes

Levels and vault maps discovered:
D:1:      amcnicky_arrival_choice, layout_loops_ring, st_stairs_8
D:2:      layout_rooms, minmay_small_reverse_x, uniq_robin, uniq_natasha
D:3:      layout_basic, nemelex_xobeh_ov_fountains_minmay, zin_scriptorium,
          tgw_xom

Skill      XL: |  1  2  3  4  5 |
---------------+----------------+-----
Fighting       | 1 2 |  2.2
Transmutations | 2 3 |  3.5
Unarmed Combat | 3 4 |  4.2
Stealth        | 1 2 |  2.0
Dodging        | |  1.7
Spellcasting   | |  1.7

Action                   |  1- 3 |  4- 6 || total
-------------------------+-------+-------++-------
Melee: Unarmed           |   137 |    76 ||   213
       Kick              |    38 |    13 ||    51
       Headbutt          |    23 |    13 ||    36
       Punch             |       |     2 ||     2
Throw: Dart              |       |    15 ||    15
 Cast: Beastly Appendage |    29 |    16 ||    45
       Wereblood         |     1 |     3 ||     4
  Use: Potion            |       |     2 ||     2
       Scroll            |       |     1 ||     1
 Stab: Sleeping          |     1 |     1 ||     2
Armor: Robe              |    26 |    10 ||    36
       Skin              |       |     2 ||     2
Dodge: Dodged            |    77 |    50 ||   127

Table legend: (Time is in decaauts)
 A = Elapsed time spent in this place.
 B = Non-inter-level travel time spent in this place.
 C = Inter-level travel time spent in this place.
 D = Time resting spent in this place.
 E = Time spent auto-exploring this place.
 F = Levels seen in this place.
 G = Mean time per level.
                   A        B        C        D        E       F      G
               +--------+--------+--------+--------+--------+-----+--------+
         Total |   3939 |   3888 |     51 |   1301 |   1962 |   3 | 1313.0 |
       Dungeon |   3939 |   3888 |     51 |   1301 |   1962 |   3 | 1313.0 |
               +--------+--------+--------+--------+--------+-----+--------+

Top non-repeatable levels by time:
     D:2: 1817 daAuts
     D:1: 1461 daAuts
     D:3: 661 daAuts
